 Dungeon Crawl Stone Soup version 0.32-a0-560-g4c7f4391e0 (webtiles) character file.

Game seed: 7989282372899311389

248919 freelancePsychic the Warrior (level 19, -2/163 HPs)
             Began as a Coglin Berserker on Feb 29, 2024.
             Was the Champion of Trog.
             Slain by a deep elf knight
             ... wielding a +0 scimitar
              (6 damage)
             ... on level 2 of the Elven Halls.
             The game lasted 00:55:41 (34882 turns).

freelancePsychic the Warrior (Coglin Berserker)    Turns: 34882, Time: 00:55:42

Health: -2/163     AC: 40    Str: 24    XL:     19   Next: 58%
Magic:  19/19      EV: 10    Int:  9    God:    Trog [******]
Gold:   1986       SH:  0    Dex: 16    Spells: 18/18 levels left

rFire   . . .        I - +9 broad axe (flame) {Ealdgyð}
rCold   + . .        q - +7 broad axe (heavy) {Chun}
rNeg    + . .        G - +5 crystal plate armour of Apathy {Rampage rC+}
rPois   +            O - +1 hat of the Pits of Slime {rPois rN+ Will- Stlth+}
rElec   +            Y - +0 cloak
rCorr   .            j - +2 pair of gloves {Dex+3}
SInv    .            A - +2 pair of boots {Fly}
Will    ++...        (amulet unavailable) Stlth
                     (ring unavailable)
HPRegen 1.47/turn    (ring unavailable)
MPRegen 0.16/turn    V
                       - NW-80 gyrocore {rElec Regen+ RegenMP+ Slay+3}

%: rampage
@: on fire, strong-willed, attractive, flying, regenerating, slowed, glowing,
studying Armour, revved, very slow
A: off-hand wielding, slow wielding, warmup strikes, no jewelry
}: 2/15 runes: barnacled, gossamer
a: Renounce Religion, Berserk, Trog's Hand, Brothers in Arms


You were on level 2 of the Elven Halls.
You worshipped Trog.
Trog was exalted by your worship.
You visited 6 branches of the dungeon, and saw 32 of its levels.
You also visited: Ossuary and Gauntlet.

You collected 4371 gold pieces.
You spent 2385 gold pieces at shops.

Inventory:

Hand Weapons
 q - a +7 heavy broad axe (offhand) {Chun}
 I - a +9 broad axe of flaming (weapon) {Ealdgyð}
Missiles
 M - 8 throwing nets
Armour
 e - +1 gold dragon scales
 j - a +2 pair of gloves of dexterity (worn)
 A - a +2 pair of boots of flying (worn)
 G - the +5 crystal plate armour of Apathy (worn) {Rampage rC+}
   (You acquired it on level 6 of the Dungeon)

   rC+:       It protects you from cold.
   Rampage:   It bestows one free step when moving towards enemies.
 O - the +1 hat of the Pits of Slime (worn) {rPois rN+ Will- Stlth+}
   (You found it in a Gauntlet)

   rPois:     It protects you from poison rN+: It protects you from negative
   energy.
   Will-:     It decreases your willpower.
   Stlth+:    It makes you more stealthy.
 Y - a +0 cloak (worn)
Gizmo
 V - a NW-80 gyrocore (installed) {rElec Regen+ RegenMP+ Slay+3}
   (You invented it yourself on level 3 of the Lair of Beasts)

   [NW-80 gyrocore]

   Slay+3:    It affects your accuracy & damage with ranged weapons and melee
   (+3).
   rElec:     It insulates you from electricity.
   Regen+:    It increases your rate of health regeneration.
   RegenMP+:  It increases your rate of magic regeneration.
Wands
 g - a wand of paralysis (17)
 p - a wand of digging (10)
 C - a wand of warping (5)
 J - a wand of flame (28)
 Q - a wand of mindburst (5)
 R - a wand of quicksilver (12)
 X - a wand of polymorph (5)
Scrolls
 c - a scroll of summoning
 d - 2 scrolls of torment
 i - 6 scrolls of revelation
 o - 2 scrolls of blinking
 r - 4 scrolls of fog
 s - 3 scrolls of poison
 t - 12 scrolls of teleportation {@r4}
 v - 4 scrolls of immolation
 w - 3 scrolls of silence
 y - 7 scrolls of noise
 S - 13 scrolls of identify {@r1}
 U - 4 scrolls of fear
Potions
 a - 3 potions of ambrosia
 f - 10 potions of lignification
 h - 6 potions of heal wounds {@q2}
 k - 8 potions of curing {@q1}
 m - a potion of attraction
 n - 7 potions of enlightenment
 u - 7 potions of might
 x - 5 potions of resistance
 z - 10 potions of degeneration
 B - 3 potions of haste {@q3}
 E - 4 potions of cancellation
 F - 3 potions of invisibility
 H - 7 potions of berserk rage
 K - 6 potions of magic
 L - 3 potions of brilliance
 T - 2 potions of mutation
Miscellaneous
 b - a phial of floods
 l - a sack of spiders
 D - a tin of tremorstones (inert)
 P - a lightning rod (4/4)
 Z - a phantom mirror


   Skills:
 + Level 18.1 Fighting
 - Level 0.8 Short Blades
 - Level 18.0 Axes
 + Level 17.4 Armour
 + Level 11.9 Dodging
 - Level 4.2 Stealth
 - Level 16.0 Evocations


You had 18 spell levels left.
You didn't know any spells.
Your spell library was empty.

Dungeon Overview and Level Annotations

Branches:
Dungeon (15/15)            Temple (0/1) D:7            Lair (5/5) D:10
 Shoals (4/4) Lair:3       Spider (4/4) Lair:2        Slime (0/5) Lair:5
    Orc (2/2) D:11            Elf (2/3) Orc:2        Vaults (0/5) D:14
 Depths (0/4) D:15        Ossuary (visited)         Gauntlet (visited)

Altars:
Ashenzari
Hepliaklqana
Makhleb
Nemelex Xobeh
Uskayaw
Wu Jian
Xom
Zin
The Shining One
Beogh
Jiyva

Shops:
Orc:2 =([*   Elf:1 [[(*:   Shoals:1 !   Shoals:2 =[

Portals:
Hell: Lair:5

Annotations:
D:2 1 runed translucent door, Crazy Yiuf
D:5 2 runed translucent doors
D:11 3 runed translucent doors, Epla Ceo's ghost, journeyman GrFi
D:14 1 runed translucent door, ezpacito's ghost, journeyman DsCK
Spider:2 Roxanne


Innate Abilities, Weirdness & Mutations

You can wield a second weapon in your off-hand.
It takes a long time for you to wield or remove held weapons.
Your first few attacks do less damage.
You cannot equip rings or amulets.


Message History

You closely miss the deep elf archer with your +7 heavy broad axe.
You barely miss the deep elf archer with your +9 broad axe of flaming.
You slice the deep elf archer with your +9 broad axe of flaming!!
You burn the deep elf archer! The liquid fire burns you!
* * * LOW HITPOINT WARNING * * *
The deep elf archer gestures at you while chanting.
You feel as though you will be slow longer.
An earth elemental comes into view.
The deep elf archer hits you but does no damage.
The earth elemental is attracted toward you.
You carve the deep elf archer like a ham with your +7 heavy broad axe!!!
You kill the deep elf archer!
Trog accepts your kill.
Trog appreciates your killing of a magic user.
Trog grants you a weapon! Something appears at your feet!
You see here a +5 broad axe.
You barely miss the deep elf pyromancer with your +7 heavy broad axe.
You slice something with your +7 heavy broad axe!!
You hit something with your +9 broad axe of flaming.
You burn something.
You slash the deep elf pyromancer with your +9 broad axe of flaming!
You burn the deep elf pyromancer. The liquid fire burns you!
* * * LOW HITPOINT WARNING * * *
Something hits you but does no damage.
The deep elf zephyrmancer points at you and mumbles some strange words.
The bolt of lightning hits something!!
The bolt of lightning hits you! You resist.
* * * LOW HITPOINT WARNING * * *
The deep elf pyromancer casts a spell.
The deep elf archer shoots an arrow.
The arrow hits you!
* * * LOW HITPOINT WARNING * * *
Something hits you but does no damage.
You hear a shout! x6
You shake off some of the fire as you move.
The liquid fire burns you!
* * * LOW HITPOINT WARNING * * *
Something hits you.
You die...

.# #.# #.#.
#.#.# ##.#.#
..#.# . ##
##...#
#.##.###@#..
..e.#e#)#.#
#§..§e)Ee.#
#....eEE..#
#....§....#
#.......<.#
####..#.###
#.####. #§#
#


You could see a deep elf archer (repels missiles), an earth elemental, a deep
elf zephyrmancer and 2 fire elementals.

Vanquished Creatures
  Arachne (Spider:2)
  Jorgrun (D:13)
  Zenata (Elf:1)
  Rupert (Lair:5)
  Asterion (Spider:1)
  3 sphinxes (Shoals:4)
  Kirke (D:15)
  Polyphemus (Shoals:3)
  Frances (Spider:1)
  Agnes (Spider:4)
  Donald (Elf:1)
  Aizul (Spider:2)
  5 emperor scorpions
  Louise (Spider:2)
  2 ghost moths
  An ironbound thunderhulk (D:14)
  Nessos (D:14)
  A deep elf demonologist (Elf:1)
  The ghost of olddryhag the Cleaver, a journeyman CoGl of Gozag (Lair:2)
  A minotaur (Gauntlet)
  A deep elf annihilator (Elf:1)
  7 spark wasps
  3 merfolk impalers
  2 entropy weavers
  A deep elf high priest (Elf:1)
  Fannar (Lair:1)
  9 hydras
  A vault guard (D:14)
  Harold (D:9)
  2 jorogumos
  A radroach (Spider:1)
  3 catoblepae
  2 rakshasas (D:15)
  8 centaur warriors
  3 merfolk avatars
  4 dancing weapons (Elf:1)
  5 death yaks
  6 two-headed ogres
  11 satyrs
  4 boulder beetles
  2 alligator snapping turtles
  A tengu warrior (D:15)
  10 demonic crawlers
  An occultist (Lair:5)
  2 orc high priests (Orc:2)
  6 skysharks
  6 deep elf knights
  Nergalle (Lair:1)
  3 skeletal warriors (D:11)
  5 sixfirhies
  Lodul (D:13)
  9 pharaoh ants
  5 sea snakes
  3 sun moths (Spider:4)
  Pikel (D:4)
  16 orb spiders
  7 deep elf archers
  13 harpies
  2 thermic dynamos (Elf:2)
  11 steelbarb worms
  A necromancer (D:15)
  7 ugly things
  6 orc knights
  13 deep elf zephyrmancers (Elf:1)
  4 oklob plants
  A wolf spider zombie (D:15)
  16 deep elf pyromancers
  12 fauns
  6 cyclopes
  3 orc sorcerers
  22 wolf spiders
  15 manticores
  6 merfolk sirens
  5 moths of wrath
  A kobold blastminer (Orc:1)
  A worldbinder (Gauntlet)
  7 black mambas
  A meliai (Spider:4)
  6 water nymphs
  14 elephants
  An orange demon (Lair:5)
  4 torpor snails
  A centaur skeleton (D:15)
  An efreet (D:15)
  13 cane toads
  A smoke demon (Lair:5)
  An unseen horror (D:13)
  A freezing wraith (D:15)
  2 rime drakes (Lair:5)
  7 komodo dragons
  2 kobold demonologists
  5 tengu conjurers
  An ice devil (Gauntlet)
  A troll (shapeshifter) (D:9)
  5 trolls
  4 hornets
  3 polar bears
  27 merfolk
  3 red devils (Lair:5)
  Grinder (D:4)
  22 tarantellas
  2 wind drakes
  4 blink frogs (Lair:2)
  13 dream sheep
  A meliai zombie (D:15)
  7 snapping turtles
  30 jumping spiders
  26 culicivoras
  An air elemental (Elf:1)
  23 yaks
  A human (D:14)
  A yak (shapeshifter) (D:13)
  2 hogs (D:15)
  7 basilisks
  3 water elementals
  5 wyverns
  A fire elemental (Elf:1)
  49 redbacks
  6 vampire mosquitoes
  4 wargs
  2 steam dragons
  12 water moccasins
  An acid dragon (D:11)
  3 hell hounds (Lair:5)
  A black bear (Lair:2)
  37 orc warriors
  A sky beast (D:6)
  6 boggarts
  3 ice beasts
  2 laughing skulls (D:13)
  10 ogres
  A centaur (shapeshifter) (D:14)
  A phantom (D:6)
  11 wolves
  5 centaurs
  A lemure (D:4)
  6 kobold brigands
  17 bullfrogs
  Blork the orc (D:4)
  9 scorpions
  6 killer bees
  2 electric eels (Spider:1)
  6 howler monkeys
  3 centaur zombies (Ossuary)
  2 hounds
  21 orc priests
  A bombardier beetle (D:5)
  A jelly (D:6)
  Ijyb (D:5)
  3 human zombies (Ossuary)
  Jessica (D:3)
  A scorpion zombie (Ossuary)
  A gnoll bouda (D:9)
  32 orc wizards
  4 iguanas
  3 mummies (Ossuary)
  5 gnolls (D:9)
  16 adders
  A shadow imp (D:7)
  5 white imps
  4 ufetubi (D:6)
  3 adder zombies (Ossuary)
  A dart slug (D:3)
  2 ribbon worms (D:2)
  79 orcs
  8 ball pythons
  5 endoplasms
  16 giant cockroaches
  3 gnoll zombies (Ossuary)
  7 goblins
  A hobgoblin (D:3)
  8 jackals (D:2)
  5 quokkas
  A ball python zombie (Ossuary)
  5 bats
  2 frilled lizards
  3 jackal zombies (Ossuary)
  30 kobolds
  2 orc zombies (Ossuary)
  6 rats
1082 creatures vanquished.

Vanquished Creatures (collateral kills)
  An orc warlord (Orc:2)
  A minotaur (Shoals:4)
  A rakshasa (D:9)
  An ogre mage (Orc:2)
  A satyr (Shoals:4)
  A demonic crawler (Spider:1)
  An orb spider (Spider:1)
  A harpy (Shoals:4)
  2 orc knights
  A faun (Shoals:4)
  An orc sorcerer (Orc:2)
  2 cyclopes (D:9)
  4 manticores (Shoals:4)
  An orange demon (Lair:5)
  A merfolk (Shoals:4)
  A tarantella (Spider:1)
  A snapping turtle (Shoals:4)
  A basilisk (D:9)
  2 redbacks (Spider:1)
  2 hell hounds (Lair:5)
  3 orc warriors
  A gnoll sergeant (D:9)
  2 orc priests
  An orc wizard (Orc:2)
  A gnoll (D:9)
  2 orcs (Orc:2)
37 creatures vanquished.

Vanquished Creatures (others)
  An unseen horror (D:10)
  6 yaks (D:10)
  2 humans (D:15)
  An orc priest (Orc:2)
  2 orcs
12 creatures vanquished.

Grand Total: 1131 creatures vanquished

Notes
Turn   | Place    | Note
-------+----------+-------------------------------------------
     0 | D:1      | freelancePsychic the Coglin Berserker began the quest for
                  | the Orb.
     0 | D:1      | Reached XP level 1. HP: 18/18 MP: 1/1
    94 | D:1      | Reached XP level 2. HP: 21/24 MP: 2/2
   149 | D:1      | Found a faded altar of an unknown god.
   778 | D:2      | Reached XP level 3. HP: 29/29 MP: 3/3
  1013 | D:2      | Reached skill level 1 in Stealth
  1667 | D:2      | Reached XP level 4. HP: 35/35 MP: 4/4
  1852 | D:2      | Reached ** piety under Trog
  1895 | D:2      | Found a runed translucent door.
  1896 | D:2      | Noticed Crazy Yiuf
  1979 | D:3      | Noticed Jessica
  1983 | D:3      | Killed Jessica
  2085 | D:3      | Reached XP level 5. HP: 42/42 MP: 5/5
  2222 | D:3      | Found a shimmering altar of Xom.
  2586 | D:4      | Noticed Blork the orc
  2663 | D:4      | Reached XP level 6. HP: 34/48 MP: 6/6
  2720 | D:4      | Found a hide-covered altar of Uskayaw.
  2769 | D:4      | Reached skill level 5 in Axes
  2875 | D:4      | Noticed Pikel
  2897 | D:4      | Killed Pikel
  2898 | D:4      | Reached skill level 5 in Fighting
  2898 | D:4      | Reached XP level 7. HP: 20/56 MP: 7/7
  3160 | D:4      | Killed Blork the orc
  3599 | D:4      | Noticed Grinder
  3616 | D:4      | Killed Grinder
  3617 | D:4      | Reached XP level 8. HP: 22/63 MP: 8/8
  4060 | D:5      | Entered Level 5 of the Dungeon
  4113 | D:5      | Reached *** piety under Trog
  4472 | D:5      | Noticed Ijyb
  4474 | D:5      | Found an ornate altar of the Wu Jian Council.
  4481 | D:5      | Killed Ijyb
  4587 | D:5      | Found a runed translucent door.
  4589 | D:5      | Found a runed translucent door.
  4672 | D:6      | Identified a scroll of acquirement
  4674 | D:6      | Acquired 1050 gold pieces
  4689 | D:6      | Reached skill level 1 in Evocations
  4781 | D:6      | Found a sand-covered staircase.
  4797 | Ossuary  | Entered an ossuary
  4861 | Ossuary  | Reached XP level 9. HP: 68/69 MP: 9/9
  4961 | Ossuary  | Reached **** piety under Trog
  5166 | D:6      | Acquired a +5 broad axe of flaming
  5178 | D:6      | Acquired the +5 crystal plate armour of Apathy {Rampage
                  | rC+}
  6077 | D:7      | Found a broken altar of Ashenzari.
  6127 | D:7      | Reached skill level 10 in Axes
  6222 | D:7      | Reached XP level 10. HP: 79/79 MP: 10/10
  6447 | D:7      | Found a staircase to the Ecumenical Temple.
  6674 | D:7      | Found a hazy altar of Hepliaklqana.
  6713 | D:7      | Reached ***** piety under Trog
  8041 | D:9      | Found a glowing silver altar of Zin.
  8096 | D:9      | Identified the +8 demon trident of the Bear {flame, rElec
                  | rF- Dex+4} (Trog gifted it to you on level 9 of the
                  | Dungeon)
  8096 | D:9      | Received a gift from Trog
  8139 | D:9      | Noticed a deep elf pyromancer
  8142 | D:9      | Noticed a centaur warrior
  8376 | D:9      | Killed a deep elf pyromancer
  8377 | D:9      | Reached skill level 5 in Armour
  8393 | D:9      | Noticed a centaur warrior
  8397 | D:9      | Noticed a manticore
  8399 | D:9      | Killed a centaur warrior
  8400 | D:9      | Reached XP level 11. HP: 87/87 MP: 11/11
  8403 | D:9      | Killed a manticore
  8424 | D:9      | Noticed a deep elf pyromancer
  8441 | D:9      | Killed a deep elf pyromancer
  8451 | D:9      | Noticed a rakshasa
  8549 | D:9      | Noticed a red ugly thing
  8564 | D:9      | Noticed a cyclops
  8584 | D:9      | Killed a cyclops
  8803 | D:9      | Killed a centaur warrior
  8834 | D:9      | Killed a rakshasa
  8836 | D:9      | Noticed a cyclops
  8839 | D:9      | Killed a cyclops
  8847 | D:9      | Noticed Harold
  8852 | D:9      | Killed Harold
  9183 | D:9      | Killed a red ugly thing
  9257 | D:9      | Found a glowing golden altar of the Shining One.
  9293 | D:9      | Found a sparkling altar of Nemelex Xobeh.
  9293 | D:9      | Found a burning altar of Makhleb.
  9315 | D:10     | Entered Level 10 of the Dungeon
  9511 | D:10     | Found a staircase to the Lair.
  9966 | D:10     | Reached skill level 10 in Fighting
 10317 | D:11     | Found a runed translucent gate.
 10317 | D:11     | Found a runed translucent gate.
 10317 | D:11     | Found a runed translucent gate.
 10319 | D:11     | Noticed Epla Ceo's ghost (journeyman GrFi)
 10332 | D:11     | Noticed a manticore
 10339 | D:11     | Killed a manticore
 10340 | D:11     | Reached XP level 12. HP: 95/97 MP: 12/12
 10351 | D:11     | Found a staircase to the Orcish Mines.
 10469 | D:11     | Reached skill level 5 in Evocations
 10843 | D:12     | Noticed a two-headed ogre
 10877 | D:12     | Found a gate leading to a gauntlet.
 10882 | Gauntlet | Entered a Gauntlet
 10882 | Gauntlet | Found a transporter.
 10882 | Gauntlet | Found a transporter.
 10907 | Gauntlet | Found a transporter.
 10920 | Gauntlet | Found a large runed translucent door.
 10921 | Gauntlet | Found a large runed translucent door.
 10922 | Gauntlet | Found a large runed translucent door.
 10922 | Gauntlet | Found a large runed translucent door.
 10922 | Gauntlet | Found a large runed translucent door.
 10922 | Gauntlet | Found a large runed translucent door.
 10922 | Gauntlet | Found a large runed translucent door.
 10922 | Gauntlet | Found a large runed translucent door.
 10923 | Gauntlet | Found a runed translucent door.
 10923 | Gauntlet | Found a runed translucent gate.
 10924 | Gauntlet | Found a transporter.
 10924 | Gauntlet | Found a runed translucent gate.
 10924 | Gauntlet | Found a transporter.
 10924 | Gauntlet | Found a transporter.
 10926 | Gauntlet | Found a transporter.
 10926 | Gauntlet | Found a transporter.
 10938 | Gauntlet | Found a transporter.
 10953 | Gauntlet | Found a runed translucent gate.
 10954 | Gauntlet | Found a transporter.
 10954 | Gauntlet | Found a runed translucent gate.
 10955 | Gauntlet | Found a runed translucent gate.
 10964 | Gauntlet | Found a transporter.
 10964 | Gauntlet | Noticed a great orb of eyes
 10969 | Gauntlet | Found a transporter.
 10995 | Gauntlet | Found a large runed translucent door.
 10996 | Gauntlet | Found a large runed translucent door.
 10997 | Gauntlet | Found a large runed translucent door.
 10997 | Gauntlet | Found a large runed translucent door.
 10997 | Gauntlet | Found a large runed translucent door.
 10997 | Gauntlet | Found a large runed translucent door.
 10998 | Gauntlet | Found a runed translucent gate.
 10998 | Gauntlet | Found a large runed translucent door.
 10998 | Gauntlet | Found a runed translucent door.
 10998 | Gauntlet | Found a large runed translucent door.
 11003 | Gauntlet | Found a transporter.
 11015 | Gauntlet | Found a transporter.
 11375 | Gauntlet | Identified the +1 hat of the Pits of Slime {rPois rN+ Will-
                  | Stlth+}
 11399 | Gauntlet | Identified the staff of Capluw {rN+ Dex+2 Conj Necro}
 11399 | Gauntlet | Noticed a minotaur
 11409 | Gauntlet | Killed a minotaur
 11863 | D:12     | Killed a two-headed ogre
 12021 | Lair:1   | Entered Level 1 of the Lair of Beasts
 12063 | Lair:1   | Noticed Nergalle
 12068 | Lair:1   | Killed Nergalle
 12321 | Lair:1   | Reached skill level 15 in Axes
 12321 | Lair:1   | Reached XP level 13. HP: 56/106 MP: 13/13
 12630 | Lair:1   | Noticed Fannar
 12635 | Lair:1   | Killed Fannar
 13100 | Lair:2   | Found a hole to the Spider Nest.
 13145 | Lair:2   | Found an ornate altar of the Wu Jian Council.
 13146 | Lair:2   | Found a hide-covered altar of Uskayaw.
 13271 | Lair:2   | Received a gift from Trog
 13568 | Lair:2   | Found a runed translucent gate.
 13569 | Lair:2   | Found a runed translucent gate.
 13570 | Lair:2   | Found a runed translucent gate.
 13572 | Lair:2   | Noticed olddryhag's ghost (journeyman CoGl)
 13590 | Lair:2   | Killed olddryhag's ghost
 14550 | Lair:3   | Found a staircase to the Shoals.
 15038 | Lair:4   | Reached XP level 14. HP: 67/114 MP: 14/14
 15048 | Lair:3   | Acquired a NW-80 gyrocore {rElec Regen+ RegenMP+ Slay+3}
 15282 | Lair:4   | Found a glowing golden altar of the Shining One.
 15478 | Lair:4   | Reached skill level 10 in Evocations
 16171 | Lair:5   | Entered Level 5 of the Lair of Beasts
 16614 | Lair:5   | Found a staircase to the Slime Pits.
 16614 | Lair:5   | Found a viscous altar of Jiyva.
 16626 | Lair:5   | Reached skill level 10 in Armour
 16877 | Lair:5   | Received a gift from Trog
 17043 | Lair:5   | Noticed Rupert
 17050 | Lair:5   | Found a burning altar of Makhleb.
 17052 | Lair:5   | Killed Rupert
 17184 | Lair:5   | Found a gateway to Hell.
 17192 | Lair:5   | Identified the +9 shortbow "Ceud" {freeze, *Corrode rElec
                  | rC+ Dex+3}
 17700 | Orc:1    | Entered Level 1 of the Orcish Mines
 17774 | Orc:1    | Found a roughly hewn altar of Beogh.
 17902 | Orc:2    | Entered Level 2 of the Orcish Mines
 17902 | Orc:2    | Found a staircase to the Elven Halls.
 17910 | Orc:2    | Reached XP level 15. HP: 119/122 MP: 15/15
 18338 | Orc:2    | Noticed an orc warlord
 18345 | Orc:2    | Found a roughly hewn altar of Beogh.
 18352 | Orc:2    | Killed an orc warlord
 18597 | Orc:2    | Found Muckyom's Antique Armour Emporium.
 18599 | Orc:2    | Received a gift from Trog
 18610 | Orc:2    | Found Ramuacw's Antique Weapon Emporium.
 18688 | Orc:2    | Found Fiedefik's General Store.
 18703 | Orc:2    | Bought a potion of heal wounds for 75 gold pieces
 18728 | Orc:2    | Found a roughly hewn altar of Beogh.
 18886 | Orc:2    | Found Daracei's Jewellery Emporium.
 19074 | Orc:2    | Bought a potion of resistance for 150 gold pieces
 19074 | Orc:2    | Bought a potion of curing for 45 gold pieces
 19074 | Orc:2    | Bought a +0 cloak for 67 gold pieces
 19181 | D:13     | Noticed Lodul
 19261 | D:13     | Killed Lodul
 19389 | D:13     | Noticed Jorgrun
 19395 | D:13     | Killed Jorgrun
 20088 | D:14     | Noticed Nessos
 20095 | D:14     | Killed Nessos
 20812 | D:14     | Found a runed translucent door.
 20813 | D:14     | Found a shimmering altar of Xom.
 20813 | D:14     | Noticed ezpacito's ghost (journeyman DsCK)
 20872 | D:14     | Found a gate to the Vaults.
 21004 | D:15     | Entered Level 15 of the Dungeon
 21120 | D:15     | Noticed Kirke
 21129 | D:15     | Killed Kirke
 21137 | D:15     | Received a gift from Trog
 21604 | D:15     | Reached XP level 16. HP: 60/132 MP: 16/16
 22051 | D:15     | Found a staircase to the Depths.
 22361 | Spider:1 | Entered Level 1 of the Spider Nest
 22659 | Spider:1 | Reached skill level 5 in Dodging
 22949 | Spider:1 | Received a gift from Trog
 23242 | Spider:1 | Noticed Asterion
 23254 | Spider:1 | Killed Asterion
 23298 | Spider:1 | Noticed Frances
 23312 | Spider:1 | Killed Frances
 23868 | Spider:1 | Reached skill level 15 in Evocations
 24258 | Spider:2 | Noticed Louise
 24264 | Spider:2 | Killed Louise
 24280 | Spider:2 | Noticed Arachne
 24282 | Spider:2 | Killed Arachne
 24292 | Spider:2 | Reached skill level 15 in Fighting
 24444 | Spider:2 | Identified the serpent talisman "Sauk" {+Blink rElec Str-3
                  | Int+5}
 24444 | Spider:2 | Noticed Aizul
 24444 | Spider:2 | Noticed Roxanne
 24451 | Spider:2 | Reached XP level 17. HP: 114/142 MP: 17/17
 24458 | Spider:2 | Killed Aizul
 24969 | Spider:2 | Identified the +7 mace of Dim Light {heavy, rElec rC-
                  | Stlth+}
 25023 | Spider:2 | Received a gift from Trog
 26865 | Spider:4 | Entered Level 4 of the Spider Nest
 26872 | Spider:4 | Noticed Agnes
 26877 | Spider:4 | Killed Agnes
 27053 | Spider:4 | Reached ****** piety under Trog
 27392 | Spider:4 | Received a gift from Trog
 27705 | Spider:4 | Identified the +3 trident "Der Zah" {elec, rElec rN+ Int-3
                  | Dex+3}
 28232 | Spider:4 | Reached XP level 18. HP: 120/151 MP: 18/18
 28461 | Spider:4 | Got a gossamer rune of Zot
 28509 | Spider:4 | Acquired a manual of Armour
 28957 | Shoals:1 | Entered Level 1 of the Shoals
 29122 | Shoals:1 | Identified the +11 great mace "Caiberap" {flame, *Corrode
                  | rF+ rC+ Dex+4}
 29574 | Shoals:1 | Found Usorhuc's Distillery.
 29583 | Shoals:1 | Bought a potion of cancellation for 136 gold pieces
 29583 | Shoals:1 | Bought a potion of resistance for 170 gold pieces
 29583 | Shoals:1 | Bought a potion of invisibility for 136 gold pieces
 29583 | Shoals:1 | Bought a potion of mutation for 136 gold pieces
 29887 | Shoals:2 | Found Igudd's Jewellery Shoppe.
 30153 | Shoals:2 | Found El's Dragon-Slaying Spoils.
 30160 | Shoals:2 | Bought +0 gold dragon scales for 1200 gold pieces
 30452 | Shoals:2 | Identified the +7 war axe "Delicate Beastslayer"
                  | {antimagic, rF+} (Trog gifted it to you on level 2 of the
                  | Shoals)
 30452 | Shoals:2 | Received a gift from Trog
 30565 | Shoals:2 | Reached skill level 10 in Dodging
 30995 | Shoals:3 | Reached skill level 15 in Armour
 31363 | Shoals:3 | Noticed Polyphemus
 31370 | Shoals:3 | Killed Polyphemus
 32228 | Shoals:4 | Entered Level 4 of the Shoals
 32260 | Shoals:4 | Received a gift from Trog
 32720 | Shoals:4 | Reached XP level 19. HP: 109/161 MP: 19/19
 32873 | Shoals:4 | Got a barnacled rune of Zot
 32997 | Shoals:4 | Identified the +5 ring mail "Xegaamow" {Rampage rF++ rC+
                  | Regen+}
 32999 | Shoals:4 | Identified the +11 rapier of the Witching Eel {flame,
                  | Str+3}
 33207 | Elf:1    | Entered Level 1 of the Elven Halls
 33207 | Elf:1    | Noticed Donald
 33212 | Elf:1    | Killed Donald
 33245 | Elf:1    | Noticed an Ice Fiend
 33245 | Elf:1    | Received a gift from Trog
 33339 | Elf:1    | Found Kadeck's Assorted Antiques.
 33342 | Elf:1    | Bought a scroll of blinking for 270 gold pieces
 33402 | Elf:1    | Found Nosuigh's Armour Shoppe.
 33559 | Elf:1    | Found Isuczorouf's Armour Emporium.
 33659 | Elf:1    | Noticed Zenata
 33755 | Elf:1    | Killed Zenata
 33820 | Elf:1    | Found Nyvigayq's Antique Weapon Emporium.
 34010 | Elf:1    | Found Kogresel's Book Boutique.
 34881 | Elf:2    | Received a gift from Trog
 34882 | Elf:2    | HP: 2/163 [burnt (20)]
 34882 | Elf:2    | Slain by a deep elf knight

Illustrated notes

Levels and vault maps discovered:
D:1:      dpeg_arrival_ternary, layout_basic, ebering_ecumenical_altar_box
D:2:      minmay_chambers_of_twos, layout_basic, minmay_misc_feat_cross,
          st_stairs_14, minmay_octomino_j4, uniq_crazy_yiuf_cottage
D:3:      minmay_roachtagon, layout_basic, nicolae_overflow_crystal_walls,
          uniq_jessica
D:4:      layout_layer_cave, mainiacjoe_overflow_surrounded_room,
          uniq_blork_the_orc, uniq_grinder, uniq_pikel
D:5:      lemuel_insect_pit, layout_rooms, lemuel_crystal_altar,
          minmay_stone_trees_medium, uniq_ijyb
D:6:      layout_basic, nicolae_ossuary_entry_ruins, minmay_circle_x
D:7:      layout_basic, mainiacjoe_overflow_large_starburst,
          minmay_temple_entry_trees, serial_glass, glass_columns_c,
          glass_columns_a, glass_columns_c, glass_columns_b, glass_columns_a,
          glass_columns_b
D:8:      layout_cave_pods
D:9:      layout_cave_pools, mainiacjoe_overflow_cross_hatched,
          marbit_many_paths, nicolae_overflow_two_pavilions, minivault_28,
          uniq_harold
D:10:     layout_stronghold, lair_entry_dummy, lemuel_flamethrower_hall
D:11:     layout_roguey, minmay_orc_entry_guard_dogs,
          gammafunk_ghost_nasty_kobolds
D:12:     layout_cave_pools, gauntlet_entry_generic
D:13:     layout_cave_pools, uniq_lodul, uniq_jorgrun
D:14:     layout_rooms, hellmonk_vaults_keyhole, nicolae_eternal_life,
          ebering_ghost_xom, uniq_nessos
D:15:     grunt_enter_depths_magical_seal, layout_basic, minivault_1, uniq_kirke
Lair:1:   minmay_lair_venomous_thicket, layout_loops_ring, serial_bayou_shore_b,
          uniq_fannar, uniq_nergalle
Lair:2:   layout_long_grid, spider_nest_entry_rubble,
          gammafunk_ghost_hydra_chop, nzn_masters_of_martial_movement
Lair:3:   layout_loops_ring, elwin_shoals_entry_stream, grunt_megastairs_3
Lair:4:   layout_regular_city, basic_altar, grunt_megastairs_2,
          infiniplex_staircase_pool
Lair:5:   evil_forest, layout_long_grid, minmay_slime_entry_oklob_open,
          uniq_rupert
Shoals:1: layout_shoals, serial_shops, nicolae_lakefront_shop,
          nicolae_shoals_shepherds
Shoals:2: cheibrodos_shoals_oceanic_diplomacy, layout_shoals, serial_shops,
          shop, nicolae_shop_dragon_depot
Shoals:3: layout_shoals, uniq_polyphemus
Shoals:4: shoals_end_hellmonk_lost_city
Spider:1: nicolae_spider_corner, drop_trap, nicolae_spider_bzzzt, uniq_frances,
          uniq_asterion
Spider:2: layout_cave_pods, drop_trap, nicolae_spider_paper_wasps, uniq_louise,
          uniq_arachne, uniq_aizul, uniq_roxanne
Spider:3: layout_chambers
Spider:4: grunt_spider_rune_island, uniq_agnes
Orc:1:    layout_diamond_mine, minmay_orc_temple_b
Orc:2:    grunt_orc_cross, layout_caves, basic_altar, nicolae_orc_minecarts
Elf:1:    layout_onion_city, serial_shops, nicolae_shop_real_fake_doors, shop,
          shop, nicolae_diamond_shop, nicolae_shop_hallway_plus,
          kennysheep_underground_church, uniq_donald, uniq_zenata
Elf:2:    nicolae_elf_blades_crystal_corner, layout_rooms,
          minmay_misc_feat_alley, guppyfry_library_mini

Skill      XL: |  1  2  3  4  5  6  7  8  9 10 11 12 13 14 15 16 17 18 19 |
---------------+----------------------------------------------------------+-----
Stealth        | 1 2 3 4 |  4.2
Axes           | 4 6 7 8 10 11 13 15 16 17 18 | 18.0
Fighting       | 4 5 6 7 8 10 11 12 13 15 16 17 18 | 18.1
Evocations     | 2 4 7 9 11 13 15 16 | 16.0
Armour         | 3 5 7 8 9 10 11 12 13 16 17 | 17.4
Dodging        | 4 6 9 11 | 11.9
Short Blades   | |  0.8

Action                     |  1- 3 |  4- 6 |  7- 9 | 10-12 | 13-15 | 16-18 | 19-21 || total
---------------------------+-------+-------+-------+-------+-------+-------+-------++-------
  Melee: Hand axe          |   119 |   125 |   164 |   237 |   525 |   214 |       ||  1384
         Dagger            |       |    52 |       |       |       |       |       ||    52
         Whip              |       |     3 |       |       |       |       |       ||     3
         War axe           |       |       |   121 |       |       |       |       ||   121
         Broad axe         |       |       |    46 |   273 |   567 |   988 |   138 ||  2012
 Invoke: Berserk           |     3 |     3 |     5 |     4 |     4 |     1 |       ||    20
         Trog's Hand       |       |     1 |     1 |     4 |     8 |     6 |     2 ||    22
         Brothers in Arms  |       |       |       |     2 |     2 |     3 |       ||     7
Ability: Invent Gizmo      |       |       |       |       |     1 |       |       ||     1
  Evoke: Lightning rod     |       |       |       |     4 |       |     4 |       ||     8
         Wand              |       |       |       |     1 |     1 |    14 |     3 ||    19
         Sack of spiders   |       |       |       |       |     2 |     2 |       ||     4
         Tin of tremorston |       |       |       |       |       |     4 |     2 ||     6
         Phial of floods   |       |       |       |       |       |     1 |     1 ||     2
         Phantom mirror    |       |       |       |       |       |     1 |       ||     1
    Use: Scroll            |       |       |    14 |    16 |     8 |    18 |     2 ||    58
         Potion            |       |       |       |     4 |     3 |     6 |     7 ||    20
   Stab: Sleeping          |     3 |     3 |     8 |       |       |       |       ||    14
         Distracted        |     1 |       |       |       |     1 |     2 |       ||     4
         Petrified         |       |       |       |       |    12 |       |       ||    12
         Petrifying        |       |       |       |       |     4 |       |       ||     4
         Paralysed         |       |       |       |       |       |     2 |       ||     2
 Armour: Animal skin       |   100 |    64 |    45 |       |       |       |       ||   209
         Ring mail         |       |       |    83 |     3 |       |       |       ||    86
         Crystal plate arm |       |       |       |   352 |   659 |   916 |   122 ||  2049
  Dodge: Dodged            |    92 |    49 |    93 |    78 |    96 |   261 |    37 ||   706

Table legend: (Time is in decaauts)
 A = Elapsed time spent in this place.
 B = Non-inter-level travel time spent in this place.
 C = Inter-level travel time spent in this place.
 D = Time resting spent in this place.
 E = Time spent auto-exploring this place.
 F = Levels seen in this place.
 G = Mean time per level.
                   A        B        C        D        E       F      G
               +--------+--------+--------+--------+--------+-----+--------+
         Total |  34850 |  33357 |   1493 |   2903 |  25433 |  34 | 1025.0 |
       Dungeon |  14389 |  13711 |    678 |   1268 |  10284 |  15 |  959.3 |
          Lair |   5654 |   5417 |    237 |    458 |   4298 |   5 | 1130.8 |
        Shoals |   4107 |   3927 |    180 |    646 |   2708 |   4 | 1026.8 |
   Spider Nest |   6513 |   6273 |    240 |    232 |   5134 |   4 | 1628.2 |
  Orcish Mines |   1463 |   1318 |    145 |     68 |   1012 |   2 |  731.5 |
   Elven Halls |   1701 |   1690 |     11 |    105 |   1381 |   2 |  850.5 |
       Ossuary |    365 |    365 |      0 |      0 |    216 |   1 |  365.0 |
      Gauntlet |    654 |    654 |      0 |    125 |    399 |   1 |  654.0 |
               +--------+--------+--------+--------+--------+-----+--------+

Top non-repeatable levels by time:
Spider:1: 1963 daAuts
Spider:4: 1837 daAuts
   Elf:1: 1677 daAuts
Shoals:2: 1609 daAuts
     D:4: 1513 daAuts
  Lair:5: 1389 daAuts
  Lair:3: 1381 daAuts
Spider:3: 1381 daAuts
Spider:2: 1332 daAuts
     D:8: 1297 daAuts
   Orc:2: 1233 daAuts
    D:15: 1215 daAuts
     D:2: 1185 daAuts
     D:6: 1181 daAuts
     D:9: 1150 daAuts
